[Event "8th Brazilian Open SESC Caioba 2024"]
[Site "Caioba"]
[Date "2024.06.26"]
[Round "4.1"]
[White "Ribeiro, Matheus Mendes Domin"]
[Black "Mekhitarian, Krikor Sevag"]
[Result "0-1"]
[ECO "A17"]
[WhiteElo "2241"]
[BlackElo "2554"]
[Annotator "TA"]
[PlyCount "72"]
[EventDate "2024.06.15"]
[EventCountry "BRA"]
[SourceTitle "playchess.com"]
[Source "ChessBase"]
[SourceQuality "1"]
[TimeControl "5400+30"]

1. c4 e6 2. Nf3 d5 3. e3 Nf6 4. Nc3 Bd6 5. b3 O-O 6. Bb2 Re8 7. d4 b6 8. Be2 {[%emt 0:03:50] The position is equal.} Bb7 9. O-O Nbd7 10. Rc1 a6 11. Qc2 dxc4 12. bxc4 c5 13. d5 exd5 14. cxd5 {[%emt 0:02:09] [#] Black keeps a firm grip on the game.} (14. Nxd5 $11 {remains equal.} Bxd5 (14... Nxd5 15. cxd5 Rb8 16. Bd3 $14) 15. cxd5) 14... b5 $1 $17 ({Worse is} 14... Nxd5 15. Nxd5 Bxd5 16. Qd2 Bxf3 17. Bxf3 $16) 15. Rfd1 Qe7 16. Qf5 c4 17. Nd4 b4 18. Nc6 Qf8 19. Na4 c3 20. Ba1 a5 ({Better is} 20... g6 21. Qh3 Rac8) 21. Bb5 (21. Bxc3 $17 {was worth a try.} bxc3 22. Qb1) 21... Bc8 $19 {[%emt 0:06:07] ...Nc5 would now be deadly.} 22. Qg5 $2 (22. h3) 22... Re4 {[%emt 0:06:16] aiming for ...h6.} 23. Rd4 (23. f4 $142 Rxe3 24. Qh4) 23... h6 24. Qf5 Nc5 25. Qxe4 Ncxe4 26. Nb6 {[%emt 0:00:05] [#]} Ba6 $1 27. Nxa8 (27. a4 Bxb5) 27... Bxb5 28. Nb6 Bc5 29. Nd7 Nxd7 30. Rxe4 Nf6 31. Re5 Bxc6 32. dxc6 Qd6 33. Rf5 Qxc6 34. Bxc3 bxc3 35. Rxc3 Qd7 36. Rfxc5 Qd1# {[%emt 0:00:06] Weighted Error Value: White=1.10/Black=0.29 (precise) .  Mistake:       	White=4     	Black=1      Inaccurate:     	---       	Black=1      OK:         	White=6     	Black=11     Strong:       	---       	Black=1} 0-1

[Event "8th Brazilian Open SESC Caioba 2024"]
[Site "Caioba"]
[Date "2024.06.26"]
[Round "4.3"]
[White "Di Berardino, Diego Rafael"]
[Black "Umetsubo, Cesar Hidemitsu"]
[Result "1/2-1/2"]
[ECO "D35"]
[WhiteElo "2473"]
[BlackElo "2362"]
[Annotator "TA"]
[PlyCount "53"]
[EventDate "2024.06.15"]
[EventCountry "BRA"]
[SourceTitle "playchess.com"]
[Source "ChessBase"]
[SourceQuality "1"]
[TimeControl "5400+30"]

1. d4 d5 2. c4 e6 3. Nc3 Nf6 4. cxd5 exd5 5. Bg5 c6 6. e3 h6 7. Bh4 Be7 8. Bd3 O-O 9. Nge2 Re8 10. O-O Nh5 11. Bxe7 Qxe7 12. Qd2 Nd7 13. Rae1 Nf8 14. Nc1 Nf6 15. f3 Ne6 16. Nb3 a5 {[%emt 0:04:50] The position is equal.} 17. a4 Qb4 18. Nc1 Bd7 19. Bb1 c5 20. Nd3 Qb6 21. Nxc5 Nxc5 22. dxc5 Qxc5 23. Qd4 Qxd4 24. exd4 Rxe1 25. Rxe1 Re8 26. Rc1 Kf8 27. Bd3 {[%emt 0:33:30] A rather calm draw.   Weighted Error Value: White=0.04 (flawless) /Black=0.05 (flawless) .  OK:         	White=7     	Black=3      Best:        	White=1     	---} 1/2-1/2

[Event "8th Brazilian Open SESC Caioba 2024"]
[Site "Caioba"]
[Date "2024.06.26"]
[Round "4.4"]
[White "Cubas, Jose Fernando"]
[Black "Hoffman, Alejandro"]
[Result "1-0"]
[ECO "C41"]
[WhiteElo "2417"]
[BlackElo "2355"]
[Annotator "RC"]
[PlyCount "93"]
[EventDate "2024.06.15"]
[EventCountry "BRA"]
[SourceTitle "playchess.com"]
[Source "ChessBase"]
[SourceQuality "1"]
[TimeControl "5400+30"]

1. e4 d6 2. d4 Nf6 3. Nc3 e5 4. Nf3 Nbd7 5. Bc4 Be7 6. O-O Nb6 7. Be2 exd4 8. Nxd4 O-O 9. Re1 Re8 10. Bf1 c6 11. Bg5 h6 12. Bh4 a5 13. a4 Bf8 14. h3 Nbd7 15. Qd2 Nc5 16. f3 Bd7 17. Bf2 Qc7 18. Bc4 Rad8 19. Rad1 Bc8 20. Ba2 Na6 21. Qf4 Nc5 22. Re2 Be6 23. Nxe6 Nxe6 24. Qh2 Nd7 25. Red2 Ndc5 26. Bc4 Be7 27. Kh1 Qb6 28. b3 Qb4 29. Nb1 Bg5 30. c3 Qb6 31. Rxd6 Rxd6 32. Rxd6 Qc7 33. Rd1 Bf4 34. Qg1 b6 35. Na3 Qe7 36. Nc2 Be5 37. Nd4 Qf6 38. Nxc6 Bxc3 39. Nd4 Ng5 40. Rc1 Ngxe4 41. fxe4 Nxe4 42. Nf3 Qf4 43. Rd1 g5 44. Bd3 Nxf2+ 45. Qxf2 Re3 46. Bc4 Be5 47. Re1 1-0

[Event "8th Brazilian Open SESC Caioba 2024"]
[Site "Caioba"]
[Date "2024.06.26"]
[Round "4.5"]
[White "Matsuura, Everaldo"]
[Black "Pinero Rodriguez, Carlos Jose"]
[Result "0-1"]
[ECO "B42"]
[WhiteElo "2380"]
[BlackElo "2284"]
[Annotator "RC"]
[PlyCount "52"]
[EventDate "2024.06.15"]
[EventCountry "BRA"]
[SourceTitle "playchess.com"]
[Source "ChessBase"]
[SourceQuality "1"]
[TimeControl "5400+30"]

1. e4 c5 2. Nf3 e6 3. d4 cxd4 4. Nxd4 a6 5. Bd3 Qc7 6. O-O Nf6 7. Qe2 d6 8. c4 Be7 9. Nc3 O-O 10. Kh1 Nbd7 11. f4 b6 12. Bd2 Bb7 13. Rae1 Rad8 14. b3 g6 15. Bb1 Rfe8 16. Qf3 Bf8 17. Qh3 Bg7 18. Nf3 Qb8 19. Rf2 Qa8 20. e5 Nh5 21. Ne4 dxe5 22. fxe5 Nxe5 23. Nxe5 Bxe5 24. Ng5 Rxd2 25. Rxd2 Bf4 26. Rd7 Bxg5 0-1

[Event "8th Brazilian Open SESC Caioba 2024"]
[Site "Caioba"]
[Date "2024.06.26"]
[Round "4.6"]
[White "Hernandez Guerrero, Gilberto"]
[Black "Aranha Filho, Alvaro Z."]
[Result "1/2-1/2"]
[ECO "B30"]
[WhiteElo "2506"]
[BlackElo "2200"]
[Annotator "TA"]
[PlyCount "66"]
[EventDate "2024.06.15"]
[EventCountry "BRA"]
[SourceTitle "playchess.com"]
[Source "ChessBase"]
[SourceQuality "1"]
[TimeControl "5400+30"]

1. e4 c5 2. Nf3 Nc6 3. Bb5 Nf6 4. Nc3 Qc7 5. a4 Nd4 6. d3 e6 7. Be3 a6 8. Bc4 {[%emt 0:00:09] The position is equal.} Nc6 9. O-O Be7 10. Qd2 O-O 11. Bf4 d6 12. h3 h6 13. Rae1 Ne5 14. Nxe5 dxe5 15. Be3 Bd7 16. f4 Rad8 17. Qf2 Kh7 (17... Nh5 $11) 18. fxe5 $16 Qxe5 19. d4 $1 cxd4 20. Bxd4 Qc7 {[%emt 0:00:00] [#]} 21. Bd3 {[%emt 0:02:09] Strongly threatening e5+.} Kh8 {[%emt 0:00:00] [#]} 22. Kh1 (22. e5 $1 $16 Nh7 23. Bb6) 22... Rc8 (22... Bc6 $11) 23. Qf3 (23. e5 $16 Ng8 24. Rd1) 23... Bc6 $11 24. Qe3 (24. Bxf6 $11 Bxf6 25. Nd5 exd5 26. exd5) 24... e5 $36 {[%emt 0:03:46][%mdl 2048] Black has some pressure.} 25. Bb6 Qd6 26. a5 Nd7 27. Ba7 Bg5 28. Qe2 Qb4 29. Bc4 (29. Ra1 $11) 29... Qxb2 30. Rf3 (30. Nd5 $15) 30... Qb4 31. Rff1 $2 Qb2 $2 ({Black should try} 31... Qxc3 $19 32. Bg1 Qxa5) 32. Nd5 ({Better is} 32. Rf3 $1 $11) 32... Bxd5 33. Bd3 (33. exd5 $15 Qb4 34. Bd3) 33... Bc6 {[%emt 0:00:43][%mdl 32768] Weighted Error Value: White=0.62/Black=0.35.  Loses game:     	White=2     	---        Missed win:     	---       	Black=1      Mistake:       	White=6     	Black=2      Inaccurate:     	White=1     	Black=3      OK:         	White=8     	Black=12     Best:        	White=2     	Black=1      Strong:       	White=1     	---       . An unexpected result.} 1/2-1/2

[Event "8th Brazilian Open SESC Caioba 2024"]
[Site "Caioba"]
[Date "2024.06.26"]
[Round "4.7"]
[White "Delgado Ramirez, Neuris"]
[Black "Casalaspro, Mathias Andre"]
[Result "1-0"]
[ECO "B10"]
[WhiteElo "2487"]
[BlackElo "2172"]
[Annotator "TA"]
[PlyCount "53"]
[EventDate "2024.06.15"]
[EventCountry "BRA"]
[SourceTitle "playchess.com"]
[Source "ChessBase"]
[SourceQuality "1"]
[TimeControl "5400+30"]

1. e4 c6 2. d3 d5 3. Nd2 g6 4. Ngf3 Bg7 5. Qe2 dxe4 6. dxe4 Na6 7. Nb3 Qc7 8. c3 {[%emt 0:03:55] White is slightly better.} e5 9. Qc2 Nf6 10. Bxa6 bxa6 11. Be3 O-O 12. Bc5 Rd8 13. Bb4 Nd7 14. Rd1 Nb6 15. Rxd8+ Qxd8 16. O-O Nc4 (16... Bg4 $14) 17. Qe2 Nb6 18. Rd1 $40 {[%emt 0:01:36][%mdl 128] White attacks with force.} Qe8 19. Nc5 {[%emt 0:01:50] White has more active pieces.} Bg4 20. Nxa6 {[%emt 0:03:17] [#] Threatens to win with Nc7. A dynamic duo of knights.} Rd8 ({Black should try} 20... Qc8) 21. h3 $16 Bxf3 22. Qxf3 Nc4 23. b3 Nb2 24. Rxd8 Qxd8 25. Qe2 Nd1 (25... Nd3 $16 26. Qd1 Bf6) 26. Nc5 $18 {[%emt 0:08:11] And now Qc2 would win.} Bf8 {[%emt 0:01:59] [#]} (26... a5 {is a better defense.}) 27. Qc2 $1 {[%emt 0:00:10] Weighted Error Value: White=0.07 (flawless) /Black=0.28 (precise) .  Mistake:       	---       	Black=4      Inaccurate:     	White=1     	Black=3      OK:         	White=10    	Black=4      Strong:       	White=1     	---} 1-0

[Event "8th Brazilian Open SESC Caioba 2024"]
[Site "Caioba"]
[Date "2024.06.26"]
[Round "4.8"]
[White "Amura, Claudia"]
[Black "Santiago, Yago De Moura"]
[Result "0-1"]
[ECO "A80"]
[WhiteElo "2167"]
[BlackElo "2462"]
[Annotator "TA"]
[PlyCount "48"]
[EventDate "2024.06.15"]
[EventCountry "BRA"]
[SourceTitle "playchess.com"]
[Source "ChessBase"]
[SourceQuality "1"]
[TimeControl "5400+30"]

1. d4 e6 2. Nf3 f5 3. Bf4 Nf6 4. e3 Nc6 5. h3 b6 6. a3 Bd6 7. Bd3 Bb7 8. c4 {[%emt 0:05:11][%cal Od4d5] The position is equal.} Bxf4 9. exf4 Ne7 10. Qe2 c5 11. d5 exd5 $17 12. Bxf5 (12. O-O $17) 12... dxc4 $19 {[%emt 0:12:38] [#] ...Bxf3 is the strong threat.} 13. Nbd2 b5 {[%emt 0:08:19] And now ...0-0 would win.} 14. Ne4 (14. Bc2 $142) 14... O-O 15. Nxf6+ Rxf6 (15... gxf6 16. Bc2 $19) 16. Bg4 Nd5 (16... Rxf4 17. O-O-O Bxf3 18. Bxf3 $17) 17. g3 Qa5+ 18. Kf1 Raf8 {[%emt 0:03:14][%cal Od5f4] Threatens to win with ...Nxf4!} 19. Rh2 c3 20. Ne5 Nb6 21. Bxd7 b4 $36 {[%emt 0:05:36][%mdl 2048] Black has strong initiative.} ({Stronger than} 21... Nxd7 22. Nxd7 Bd5 23. Nxf6+ gxf6 24. Kg1 $11) 22. bxc3 bxc3 ({Weaker is} 22... bxa3 23. Qa2+ Kh8 24. Qb3 $14 (24. Qxa3 Qxa3 25. Rxa3 Nxd7 $11)) 23. Qa2+ (23. Kg1 $17) 23... Bd5 24. Qc2 {[%emt 0:00:00] [#]} (24. Qe2 {was the crucial defense.}) 24... Nxd7 {[%emt 0:00:20] Black took control after the opening.   Weighted Error Value: White=0.48/Black=0.12 (very precise) .  Mistake:       	White=5     	---        OK:         	White=4     	Black=7      Best:        	White=4     	Black=3} 0-1

[Event "8th Brazilian Open SESC Caioba 2024"]
[Site "Caioba"]
[Date "2024.06.26"]
[Round "4.9"]
[White "Luz, Arthur Nader"]
[Black "Acosta, Pablo Ismael"]
[Result "0-1"]
[ECO "B07"]
[WhiteElo "2172"]
[BlackElo "2449"]
[Annotator "TA"]
[PlyCount "82"]
[EventDate "2024.06.15"]
[EventCountry "BRA"]
[SourceTitle "playchess.com"]
[Source "ChessBase"]
[SourceQuality "1"]
[TimeControl "5400+30"]

1. e4 d6 2. d4 Nf6 3. Nc3 Nbd7 4. Be3 e5 5. h3 Be7 6. Nge2 c6 7. g4 Nb6 8. Ng3 {[%emt 0:01:17] White is slightly better.} Be6 (8... O-O $14) 9. g5 $16 Ng8 10. d5 Bd7 11. Qd2 h6 12. h4 hxg5 13. hxg5 Rxh1 14. Nxh1 Bg4 15. Ng3 g6 16. Bd3 Rc8 17. a4 cxd5 18. Nxd5 Nxd5 19. exd5 Bf3 20. Ne4 (20. Bxa7 Bxg5 (20... Bxd5 21. Bxg6 Bc6 22. Bf5 $16) 21. Qb4 Nf6 (21... Bxd5 22. Be4 $11) 22. Qxb7 Bxd5 (22... Nxd5 $2 23. Be4 $16) 23. Qb5+ Qd7 24. Qxd7+ Nxd7 $17 (24... Kxd7 25. a5 $14)) (20. Be4 $16 Bxe4 21. Nxe4) 20... Kf8 $11 21. Ng3 (21. Bxa7 $2 Bxe4 22. Bxe4 Bxg5 $19) 21... a6 22. b3 Bxd5 23. c4 (23. Bxg6 $11 fxg6 24. Qxd5) 23... Bc6 $15 24. Be4 Qd7 25. Rd1 Qh3 {[%emt 0:04:20] aiming for ...Bxe4.} 26. Bd5 Kg7 ({Black should play} 26... f5 $17 27. gxf6 Nxf6 28. Bxc6 Rxc6 (28... bxc6 29. Bg5 $15)) 27. Ne4 $11 Bd7 28. Nxd6 Bxd6 {[%emt 0:03:34] [#]} (28... Rf8 $1 $11 {remains equal.}) 29. Bxb7 $2 (29. Be4 $1 $16 Bg4 30. Qxd6) 29... Bc6 {[%emt 0:07:28] Hoping for ...Qh1+.} 30. Qxd6 (30. Bxc8 $2 Qh1+ 31. Ke2 Bf3+ 32. Kd3 Bxd1 $19) 30... Bxb7 31. Qxe5+ f6 $1 32. gxf6+ Kf7 $1 {[%emt 0:00:03][%cal Ob7f3] And now ...Bf3! would win.} 33. Rd4 (33. Rd6 $11) 33... Qe6 {[%emt 0:03:54] Really sharp!} ({Better is} 33... Nxf6 $17 {White must now prevent ...Re8.} 34. Kd2 Re8 35. Qc7+ Re7) 34. Qf4 Nxf6 35. Rd6 Qe7 (35... g5 {feels hotter.} 36. Qd4 Qf5 37. Kd1 Rc6) 36. Qd4 Rc6 37. Rd8 {[%emt 0:01:15] Loses the game.} (37. Rxc6 $17 {was the only chance.} Bxc6 38. Ke2) 37... Qb4+ $19 38. Bd2 $2 (38. Qd2 Qxb3 39. Rd7+ Ke6 (39... Nxd7 40. Qxd7+ Kf6 41. Bd4+ Kg5 42. Qd5+ Kh4 43. Qe4+ Kh3 44. Qh1+ Kg4 45. Qg2+ Kh4 46. Qe4+ Kh5 47. Qh1+ Kg4 48. Qg2+ Kh4 49. Qe4+ $11) 40. Rd4) 38... Re6+ 39. Kf1 Qxb3 {[%emt 0:00:05] ( -> ...Qd1+)} 40. Be3 Bf3 ({But not} 40... Qxa4 41. Qf4) ({Don't take} 40... Qb1+ 41. Qd1 Qe4 42. Qd3) 41. Qa1 {[%emt 0:00:39] [#] Wards off Qb1+} (41. Qf4 $19 Qb1+ 42. Bc1) 41... Qxc4+ {[%emt 0:09:33] Weighted Error Value: White=0.56/Black=0.17 (very precise) .  Loses game:     	White=1     	---        Mistake:       	White=6     	Black=4      Inaccurate:     	White=2     	Black=4      OK:         	White=7     	Black=16     Best:        	White=5     	Black=3      Strong:       	---       	Black=2} 0-1

[Event "8th Brazilian Open SESC Caioba 2024"]
[Site "Caioba"]
[Date "2024.06.26"]
[Round "4.10"]
[White "Borges, Guilherme Deola"]
[Black "Sunye Neto, Jaime"]
[Result "1/2-1/2"]
[ECO "B22"]
[WhiteElo "2151"]
[BlackElo "2398"]
[Annotator "RC"]
[PlyCount "119"]
[EventDate "2024.06.15"]
[EventCountry "BRA"]
[SourceTitle "playchess.com"]
[Source "ChessBase"]
[SourceQuality "1"]
[TimeControl "5400+30"]

1. e4 c5 2. c3 Nf6 3. e5 Nd5 4. Nf3 e6 5. d4 cxd4 6. cxd4 d6 7. Bd3 Nc6 8. Nc3 Be7 9. Qe2 Nxc3 10. bxc3 dxe5 11. dxe5 Qc7 12. O-O b6 13. Re1 Bb7 14. h4 h6 15. Qe4 O-O-O 16. Qe2 Kb8 17. a4 Na5 18. Ba3 Bxa3 19. Rxa3 Qc5 20. Rea1 g5 21. Be4 Qc4 22. Qxc4 Nxc4 23. Bxb7 Kxb7 24. Rb3 g4 25. Nd4 Rd5 26. Rb5 Rhd8 27. a5 Rxb5 28. a6+ Kb8 29. Nxb5 Nxe5 30. Kh2 Rd5 31. Rb1 f5 32. Nd4 Rd6 33. Re1 Nd3 34. Rxe6 Rxe6 35. Nxe6 f4 36. f3 g3+ 37. Kg1 Kc8 38. h5 Kd7 39. Nd4 Nc5 40. Nb5 Nxa6 41. Nxa7 Nc7 42. c4 Kd6 43. Kf1 Kc5 44. Nc8 Ne6 45. Ke2 Kxc4 46. Nxb6+ Kd4 47. Nd7 Ng7 48. Nf6 Nf5 49. Ng4 Kc3 50. Kf1 Kd2 51. Ne5 Ne3+ 52. Kg1 Ke2 53. Ng4 Nxg4 54. fxg4 Ke1 55. g5 hxg5 56. h6 g4 57. h7 f3 58. gxf3 gxf3 59. h8=Q f2+ 60. Kg2 1/2-1/2

[Event "8th Brazilian Open SESC Caioba 2024"]
[Site "Caioba"]
[Date "2024.06.26"]
[Round "4.11"]
[White "Rodriguez Vila, Andres"]
[Black "Starke, Bruno Orlando"]
[Result "1-0"]
[ECO "B21"]
[WhiteElo "2396"]
[BlackElo "2165"]
[Annotator "RC"]
[PlyCount "93"]
[EventDate "2024.06.15"]
[EventCountry "BRA"]
[SourceTitle "playchess.com"]
[Source "ChessBase"]
[SourceQuality "1"]
[TimeControl "5400+30"]

1. e4 c5 2. Nf3 Nc6 3. d4 cxd4 4. c3 d3 5. Bxd3 d6 6. O-O Nf6 7. h3 g6 8. c4 Bg7 9. Nc3 O-O 10. Bg5 Nd7 11. Rc1 Nde5 12. Nxe5 dxe5 13. Nd5 h6 14. Be3 e6 15. Nc3 Nd4 16. b4 b6 17. Qd2 Kh7 18. Rfd1 Bb7 19. Qb2 f5 20. f3 Qh4 21. c5 bxc5 22. bxc5 Bc6 23. Rf1 Rad8 24. Bb1 Bf6 25. Kh1 Bg5 26. Bxg5 hxg5 27. Qf2 Rb8 28. Qxh4+ gxh4 29. Rfe1 Rfe8 30. Nd1 Kg7 31. Ne3 Rb5 32. Nc4 Reb8 33. Nxe5 Rb2 34. Rcd1 Kf6 35. exf5 gxf5 36. Bd3 Rg8 37. Bf1 Rd8 38. Bc4 Ba4 39. Rd3 Rg8 40. Rxd4 Rgxg2 41. Bf1 Rh2+ 42. Kg1 Bb5 43. Nd3 Rxa2 44. Nf4 Bxf1 45. Rxe6+ Kf7 46. Rd7+ Kf8 47. Ng6+ 1-0

[Event "8th Brazilian Open SESC Caioba 2024"]
[Site "Caioba"]
[Date "2024.06.26"]
[Round "4.12"]
[White "Federzoni, Enzo"]
[Black "Schnaider, Ilan"]
[Result "0-1"]
[ECO "B13"]
[WhiteElo "2164"]
[BlackElo "2395"]
[Annotator "RC"]
[PlyCount "86"]
[EventDate "2024.06.15"]
[EventCountry "BRA"]
[SourceTitle "playchess.com"]
[Source "ChessBase"]
[SourceQuality "1"]
[TimeControl "5400+30"]

1. d4 d5 2. Nc3 Nf6 3. Bf4 c5 4. e3 cxd4 5. exd4 a6 6. Nf3 Nc6 7. Ne5 Bd7 8. Be2 e6 9. O-O Qb6 10. Nxc6 Bxc6 11. Rb1 Be7 12. Re1 O-O 13. Bd3 Nd7 14. Ne2 Bb5 15. c3 Bxd3 16. Qxd3 Rac8 17. Qg3 Qd8 18. Nc1 b5 19. Nd3 a5 20. a3 Re8 21. Bd6 Rc6 22. Bxe7 Qxe7 23. Re2 h6 24. Rbe1 Rec8 25. h3 Rb6 26. Re3 Nf6 27. f3 Ne8 28. Nf4 Qc7 29. Kh2 Nd6 30. Nd3 Qe7 31. R3e2 Nc4 32. Kg1 Qf6 33. Qg4 Rc7 34. Nf4 b4 35. axb4 axb4 36. h4 Kh7 37. h5 bxc3 38. bxc3 Rb3 39. Nxe6 fxe6 40. Rxe6 Qg5 41. Re8 Qxg4 42. fxg4 Rxc3 43. Rd8 Ne3 0-1

[Event "8th Brazilian Open SESC Caioba 2024"]
[Site "Caioba"]
[Date "2024.06.26"]
[Round "4.13"]
[White "Do Valle Cardoso, Lucas"]
[Black "Calcado, Acyr Rogerio"]
[Result "1-0"]
[ECO "B43"]
[WhiteElo "2356"]
[BlackElo "2134"]
[Annotator "RC"]
[PlyCount "41"]
[EventDate "2024.06.15"]
[EventCountry "BRA"]
[SourceTitle "playchess.com"]
[Source "ChessBase"]
[SourceQuality "1"]
[TimeControl "5400+30"]

1. e4 c5 2. Nf3 e6 3. d4 cxd4 4. Nxd4 a6 5. Nc3 Qc7 6. Be3 Nf6 7. g4 Bb4 8. f3 d6 9. Qd2 b5 10. O-O-O Bb7 11. a3 Bxc3 12. Qxc3 Qxc3 13. bxc3 Ke7 14. c4 bxc4 15. Bxc4 d5 16. exd5 Nxd5 17. Nf5+ exf5 18. Bxd5 Bxd5 19. Rxd5 f6 20. gxf5 g6 21. Bd4 1-0

[Event "8th Brazilian Open SESC Caioba 2024"]
[Site "Caioba"]
[Date "2024.06.26"]
[Round "4.14"]
[White "Filgueiras, Nathan Felipe"]
[Black "Velasquez Joves, Rolando Jose"]
[Result "1-0"]
[ECO "A17"]
[WhiteElo "2294"]
[BlackElo "1966"]
[Annotator "RC"]
[PlyCount "81"]
[EventDate "2024.06.15"]
[EventCountry "BRA"]
[SourceTitle "playchess.com"]
[Source "ChessBase"]
[SourceQuality "1"]
[TimeControl "5400+30"]

1. c4 Nf6 2. Nf3 e6 3. Nc3 d5 4. e3 Be7 5. Qc2 O-O 6. b3 c5 7. Be2 Nc6 8. d3 d4 9. exd4 cxd4 10. Nb1 h6 11. O-O e5 12. a3 a5 13. Re1 Bf5 14. Nbd2 Bh7 15. Bf1 Nd7 16. Bb2 Re8 17. g3 Bf8 18. Bg2 f5 19. Nf1 Nf6 20. N3d2 Kh8 21. h3 Bc5 22. Nh2 e4 23. dxe4 fxe4 24. Nxe4 Nxe4 25. Bxe4 d3 26. Qd2 Qd6 27. Bxh7 Kxh7 28. Kg2 Rad8 29. Ng4 Kg8 30. Rad1 Rxe1 31. Qxe1 Nd4 32. Rxd3 Qc6+ 33. f3 Re8 34. Ne5 Qd6 35. Bxd4 Bxd4 36. f4 Qc5 37. Qe4 Bxe5 38. fxe5 Qxe5 39. Qxe5 Rxe5 40. Kf3 b5 41. Rd5 1-0

[Event "8th Brazilian Open SESC Caioba 2024"]
[Site "Caioba"]
[Date "2024.06.26"]
[Round "5.1"]
[White "Mekhitarian, Krikor Sevag"]
[Black "Cubas, Jose Fernando"]
[Result "1-0"]
[ECO "E07"]
[WhiteElo "2554"]
[BlackElo "2417"]
[Annotator "TA"]
[PlyCount "50"]
[EventDate "2024.06.15"]
[EventCountry "BRA"]
[SourceTitle "playchess.com"]
[Source "ChessBase"]
[SourceQuality "1"]
[TimeControl "5400+30"]

1. d4 d5 2. c4 e6 3. Nf3 Nf6 4. Nc3 Be7 5. g3 O-O 6. Bg2 c6 7. O-O Nbd7 8. Qd3 b6 9. Rd1 Bb7 10. Bf4 Nh5 11. Bc1 Nhf6 12. e4 Rc8 13. b3 Ba8 (13... dxe4 $11 {remains equal.} 14. Nxe4 c5 15. Nxf6+ Nxf6) 14. e5 $16 Ne8 {[%emt 0:00:03] White is slightly better.} 15. cxd5 exd5 ({Better is} 15... cxd5 16. a3 a5) 16. Ne2 c5 17. Nf4 $36 {[%emt 0:00:39][%mdl 2048] [#] Hoping for e6. White is in control.} Nc7 18. Bh3 {[%emt 0:01:46] White is much more active.} cxd4 (18... Bc6 $16 {was worth a try.} 19. Qf5 a5) 19. Qf5 $1 $18 ({Not} 19. Qxd4 Nc5 $16) 19... Nc5 20. Qxc8 Qxc8 21. Bxc8 Rxc8 22. Nxd4 ({Don't do} 22. Rxd4 Nb5) 22... f6 23. Nf5 Bd8 24. Bb2 Nd7 {[%emt 0:01:57] [#]} (24... g5 25. Nh5 fxe5 26. Bxe5 Ne8) 25. e6 Nb8 {[%emt 0:00:08] Weighted Error Value: White=0.02 (flawless) /Black=0.61.  Mistake:       	---       	Black=4      Inaccurate:     	---       	Black=2      OK:         	White=7     	Black=3      Best:        	White=1     	---        Strong:       	White=1     	---} 1-0

[Event "8th Brazilian Open SESC Caioba 2024"]
[Site "Caioba"]
[Date "2024.06.26"]
[Round "5.3"]
[White "Umetsubo, Cesar Hidemitsu"]
[Black "Delgado Ramirez, Neuris"]
[Result "0-1"]
[ECO "D02"]
[WhiteElo "2362"]
[BlackElo "2487"]
[Annotator "TA"]
[PlyCount "90"]
[EventDate "2024.06.15"]
[EventCountry "BRA"]
[SourceTitle "playchess.com"]
[Source "ChessBase"]
[SourceQuality "1"]
[TimeControl "5400+30"]

1. d4 Nf6 2. Nf3 e6 3. Bf4 c5 4. e3 Nc6 5. c3 d5 6. Nbd2 Nh5 7. Bg5 f6 8. Bh4 g6 9. Bb5 {[%emt 0:16:20] The position is equal.} cxd4 10. Nxd4 Bd7 11. O-O Be7 12. Qa4 a6 13. Be2 (13. Nxc6 $2 axb5 14. Qxb5 Bxc6 $19 (14... bxc6 $2 15. Qd3 $19)) 13... Ng7 14. Qb3 e5 15. Nxc6 Bxc6 ({Better is} 15... bxc6 $15 16. e4 O-O) 16. Rfd1 (16. f4 $11 {was preferrable.}) 16... Nf5 $15 17. Bg3 Qa5 18. c4 d4 {[%emt 0:02:39] And now ...dxe3 would win.} 19. e4 Nxg3 20. Qxg3 Qb6 21. Rab1 a5 22. Bg4 {[%emt 0:05:03] Black continues to play with concentration.} Bb4 23. Qh4 Kf7 24. f4 exf4 $19 {[%emt 0:02:45] Active counter play!} 25. e5 (25. Kh1 $142) 25... fxe5 26. Nf3 Bxf3 27. Bxf3 {[%emt 0:00:01] Black is clearly better.} Qc7 28. Qh6 Bf8 (28... Qxc4 29. Rbc1 Qe6 30. Rc7+ Be7 31. Rdc1 $11) 29. Bd5+ Kf6 30. Qh3 Kg7 31. Rd3 Rd8 32. Re1 Bb4 33. Re2 {[%emt 0:00:13] [#]} b5 $1 34. b3 Rhe8 35. Qf3 Qc5 36. h4 h5 37. Qe4 Re7 38. Kh1 Qd6 39. g3 bxc4 40. bxc4 Rf8 {[%emt 0:00:11] [#] ...fxg3 would now be deadly.} 41. Rg2 Qf6 42. Rf3 Kh6 43. Qd3 Rg7 44. g4 hxg4 (44... Qxh4+ 45. Rh3 e4 (45... Qe1+ $2 46. Rg1 $18) 46. Bxe4 Qe1+ (46... Qg5 $2 47. gxh5 $18) 47. Rg1 $18) 45. Rxg4 Qf5 {[%emt 0:00:07] Weighted Error Value: White=0.16 (very precise) /Black=0.10 (very precise) .  Mistake:       	White=3     	Black=1      Inaccurate:     	White=4     	Black=1      OK:         	White=13    	Black=20     Best:        	---       	Black=2} 0-1